 Dungeon Crawl Stone Soup version 0.19.1-1-g22dce08 (webtiles) character file.

60880 soukkis the Fencer (level 14, -15/199 HPs)
             Began as a Minotaur Berserker on Jan 19, 2017.
             Was an Elder of Trog.
             Killed from afar by a frost giant (30 damage)
             ... with a bolt of cold
             ... on level 1 of the Depths.
             The game lasted 01:11:55 (17906 turns).

soukkis the Fencer (Minotaur Berserker)            Turns: 17906, Time: 01:11:56

Health: -15/199    AC: 22    Str: 40    XL:     14   Next: 58%
Magic:  13/13      EV: 17    Int:  4    God:    Trog [****..]
Gold:   877        SH:  6    Dex: 10    Spells: 0 memorised, 13 levels left

rFire  . . .     SeeInvis +     z - +10 long sword of Generosity {freeze, MR+}
rCold  . . .     Gourm    .     f - +5 chain mail "Nokhla Iseg" {Str+4}
rNeg   + . .     Faith    .     N - +1 buckler "Vyama" {rN+ Str+4}
rPois  .         Spirit   .     P - +0 hat {SInv}
rElec  .         Reflect  .     K - +2 cloak {+Inv}
rCorr  .         Harm     .     A - +3 pair of gauntlets of War {Slay+5}
MR     +++++     Clarity  +     (no boots)
Stlth  ..........               w - amulet of regeneration
                                m - +4 ring of evasion
                                B - ring of protection from magic

@: berserking, regenerating, very quick
A: retaliatory headbutt, fangs 1, horns 2, blurry vision 1, clarity, deformed
body
a: Berserk, Trog's Hand, Brothers in Arms, Burn Spellbooks, Renounce Religion,
Evoke Invisibility


You were on level 1 of the Depths.
You worshipped Trog.
Trog was greatly pleased with you.
You were not hungry.

You visited 2 branches of the dungeon, and saw 16 of its levels.
You also visited: Trove.

You collected 1124 gold pieces.
You spent 247 gold pieces at shops.

Inventory:

Hand Weapons
 e - the +5 scythe "Finisher" {speed, Str+3}
   (You found it on level 12 of the Dungeon)

   Attacks with this weapon are significantly faster.
   It affects your strength (+3).
 z - the +10 long sword of Generosity (weapon) {freeze, MR+}
   (You found it on level 8 of the Dungeon)

   It has been specially enchanted to freeze those struck by it, causing extra
   injury to most foes and up to half again as much damage against particularly
   susceptible opponents.
   It can also slow down cold-blooded creatures.
   It affects your resistance to hostile enchantments.
Missiles
 b - a tomahawk of dispersal (quivered)
 p - 21 tomahawks
 v - 3 poisoned tomahawks
Armour
 f - the +5 chain mail "Nokhla Iseg" (worn) {Str+4}
   (You took it off an orc on level 7 of the Dungeon)

   It affects your strength (+4).
 A - the +3 pair of gauntlets of War (worn) {Slay+5}
   (You found it in a treasure trove)

   It affects your accuracy and damage with ranged weapons and melee attacks
   (+5).
 K - a +2 cloak of invisibility (worn)
 M - a +1 cloak of poison resistance
 N - the +1 buckler "Vyama" (worn) {rN+ Str+4}
   (You found it in a treasure trove)

   It affects your strength (+4).
   It protects you from negative energy.
 P - a +0 hat of see invisible (worn)
Magical Staves
 x - an uncursed staff of cold
Jewellery
 m - a +4 ring of evasion (right hand)
 w - an amulet of regeneration (around neck)
 B - a ring of protection from magic (left hand)
Scrolls
 c - 5 scrolls of magic mapping
 d - 4 scrolls of identify
 i - 2 scrolls of enchant armour
 k - a scroll of silence
 n - a scroll of blinking
 y - a scroll of remove curse
 C - a scroll of teleportation
 E - a scroll of enchant weapon
 F - a scroll of vulnerability {unknown}
Potions
 a - a potion of berserk rage
 g - 2 potions of flight
 o - 2 potions of ambrosia
 q - a potion of agility
 r - 4 potions of lignification
 s - 3 potions of curing
 D - 2 potions of might
Miscellaneous
 l - a phantom mirror
 t - a lamp of fire
Comestibles
 h - 8 chunks of flesh
 j - 4 meat rations
 u - 8 fruits


   Skills:
 + Level 14.3 Fighting
 + Level 15.2 Long Blades
   Level 12.1(12.2) Maces & Flails
 + Level 2.2(8.2) Staves
 + Level 3.6 Throwing
 + Level 14.5 Armour
 + Level 7.0 Dodging
 + Level 3.1 Stealth
 + Level 7.8 Shields


You had 13 spell levels left.
You didn't know any spells.

Dungeon Overview and Level Annotations

Branches:
Dungeon (15/15)            Temple (0/1) D:7            Lair (0/6) D:9
    Orc (0/2) D:10         Vaults (0/5) D:13         Depths (1/5) D:15

Altars:
Ashenzari
Elyvilon
Okawaru
Ru
Sif Muna
Uskayaw
Vehumet
Beogh

Shops:
D:9 ?   D:11 %   D:13 ([*:*


Innate Abilities, Weirdness & Mutations

You reflexively headbutt those who attack you in melee.
You have a pair of horns on your head.
You have very sharp teeth.
Scrolls take you a little longer to read.
You possess an exceptional clarity of mind.
Armour fits poorly on your strangely shaped body.


Message History

You slice the frost giant!! You headbutt the frost giant!
The frost giant is moderately wounded.
The frost giant hits you with a battleaxe of freezing!!
* * * LOW HITPOINT WARNING * * *
The frost giant freezes you.
* * * LOW HITPOINT WARNING * * *
You are too berserk!
You are too berserk!
You are too berserk!
You hit the frost giant. You headbutt the frost giant!!
The frost giant is heavily wounded.
You slash the frost giant!
You headbutt the frost giant, but do no damage.
You bite the frost giant.
The frost giant is severely wounded.
You slash the frost giant! You freeze the frost giant.
The frost giant is almost dead.
The frost giant points at you and mumbles some strange words.
The bolt of cold hits you!
You die...

##########
#.........#
#.........#
+.....>...# ###
#.........## .?..
#........C.#.....
#.......@).......
#........=##....
#.........# #
#...[.[...#
#...)<....#
##+########


You could see a frost giant.

Vanquished Creatures
  Rupert (D:12)
  A fire giant (Depths:1)
  An emperor scorpion (D:15)
  A war gargoyle (D:12)
  A dire elephant (D:15)
  2 fire dragons (D:14)
  An ettin (Depths:1)
  4 vault guards (D:13)
  A rakshasa (D:13)
  Erolcha (D:13)
  3 hydras
  3 centaur warriors
  3 tengu warriors (D:13)
  A death knight (D:13)
  2 ogre magi
  A deep troll shaman (Depths:1)
  A deep troll earth mage (Depths:1)
  3 skeletal warriors (D:14)
  3 deep trolls (Depths:1)
  2 unseen horrors (D:13)
  11 hill giants
  A deep elf archer (D:13)
  An orc knight (D:13)
  An orc sorcerer (D:13)
  2 ugly things (D:13)
  4 deep elf magi (D:14)
  3 manticores
  5 cyclopes
  A torpor snail (shapeshifter) (D:13)
  12 gargoyles
  A centaur skeleton (D:13)
  A komodo dragon (D:12)
  2 tengu conjurers (D:13)
  A blink frog (shapeshifter) (D:13)
  5 trolls
  4 two-headed ogres
  2 slime creatures (D:15)
  A hornet (D:11)
  Grinder (D:3)
  2 hippogriffs
  A spriggan (shapeshifter) (D:14)
  4 wraiths
  3 water elementals (D:15)
  A wyvern (D:14)
  A shadow (D:14)
  15 yaks
  Eustachio (D:4)
  A basilisk (D:15)
  2 hungry ghosts
  2 steam dragons
  A soldier ant (D:11)
  3 mottled dragons
  A water moccasin (D:14)
  Duvessa (D:6)
  13 orc warriors
  3 black bears
  4 sky beasts
  4 ice beasts
  2 eyes of draining
  A phantom (D:12)
  18 ogres
  2 necrophages
  6 centaurs
  2 big kobolds
  9 bullfrogs
  2 gnoll sergeants (D:10)
  Blork the orc (D:6)
  A wyvern zombie (D:6)
  Dowan (D:6)
  6 scorpions
  20 killer bees
  13 wights
  An electric eel (D:15)
  2 howler monkeys
  8 crimson imps
  A bullfrog zombie (D:11)
  2 centaur zombies
  12 hounds
  4 jellies
  4 gnoll shamans
  9 orc priests
  A bullfrog skeleton (D:8)
  11 orc wizards
  3 iguanas
  12 worker ants
  A killer bee zombie (D:8)
  2 hound zombies
  2 hound skeletons
  A howler monkey zombie (D:9)
  21 gnolls
  11 adders
  7 shadow imps
  2 worms (D:1)
  3 dart slugs (D:1)
  8 leopard geckos
  77 orcs
  2 ball pythons
  3 giant cockroaches
  4 goblins
  8 hobgoblins
  12 jackals
  3 quokkas
  9 bats
  4 frilled lizards
  17 kobolds
  A leopard gecko skeleton (D:5)
  A quokka skeleton (D:5)
  8 rats
519 creatures vanquished.

Vanquished Creatures (collateral kills)
  A gnoll sergeant (D:10)
  An orc priest (D:10)
  A hound (D:10)
  A gnoll shaman (D:10)
  3 gnolls (D:10)
  5 orcs (D:10)
  A jackal (D:10)
13 creatures vanquished.

Vanquished Creatures (others)
  An orc (D:5)
1 creature vanquished.

Grand Total: 533 creatures vanquished

Notes
Turn   | Place    | Note
-------+----------+-------------------------------------------
     0 | D:1      | soukkis the Minotaur Berserker began the quest for the Orb.
     0 | D:1      | Reached XP level 1. HP: 19/19 MP: 0/0
    85 | D:1      | Reached XP level 2. HP: 27/27 MP: 1/1
   606 | D:1      | Reached XP level 3. HP: 33/33 MP: 2/2
   708 | D:1      | Reached ** piety under Trog
  1346 | D:2      | Found a hide-covered altar of Uskayaw.
  1408 | D:2      | Found a white marble altar of Elyvilon.
  1409 | D:2      | Found a radiant altar of Vehumet.
  1932 | D:3      | Noticed Grinder
  1945 | D:3      | Killed Grinder
  1945 | D:3      | Reached skill level 5 in Fighting
  1945 | D:3      | Reached XP level 4. HP: 36/42 MP: 3/3
  1945 | D:3      | Reached XP level 5. HP: 41/48 MP: 4/4
  1956 | D:3      | Reached XP level 6. HP: 46/56 MP: 5/5
  2113 | D:4      | Gained mutation: Your system is resistant to poisons. (rPois) [potion of beneficial mutation]
  2174 | D:4      | Found a deep blue altar of Sif Muna.
  2230 | D:4      | Noticed Eustachio
  2256 | D:4      | Killed Eustachio
  2326 | D:4      | Reached skill level 5 in Armour
  2326 | D:4      | Reached XP level 7. HP: 42/61 MP: 6/6
  2994 | D:5      | Entered Level 5 of the Dungeon
  3117 | D:5      | Found a shattered altar of Ashenzari.
  3220 | D:5      | Reached *** piety under Trog
  3345 | D:5      | Reached XP level 8. HP: 65/70 MP: 7/7
  3438 | D:6      | Noticed Blork the orc
  3444 | D:6      | Killed Blork the orc
  4070 | D:6      | Noticed Duvessa
  4070 | D:6      | Noticed Dowan
  4081 | D:6      | Killed Dowan
  4085 | D:6      | Killed Duvessa
  4085 | D:6      | Reached skill level 10 in Maces & Flails
  4363 | D:7      | Reached XP level 9. HP: 79/79 MP: 8/8
  4541 | D:7      | Gained mutation: Your mind is acute. (Int +2) [mutagenic meat]
  4666 | D:7      | Got a slimy chain mail
  4670 | D:7      | Identified the +5 chain mail "Nokhla Iseg" {Str+4} (You took it off an orc on level 7 of the Dungeon)
  4903 | D:7      | Lost mutation: Your system is resistant to poisons. (rPois) [potion of cure mutation]
  4903 | D:7      | Lost mutation: Your mind is acute. (Int +2) [potion of cure mutation]
  4946 | D:7      | Found a staircase to the Ecumenical Temple.
  5101 | D:7      | Reached **** piety under Trog
  5201 | D:8      | Noticed a five-headed hydra
  5217 | D:8      | Killed a five-headed hydra
  5217 | D:8      | Reached skill level 1 in Stealth
  5219 | D:8      | Reached XP level 10. HP: 90/90 MP: 9/9
  5377 | D:8      | Got a transparent long sword
  5379 | D:8      | Identified the +10 long sword of Generosity {freeze, MR+} (You found it on level 8 of the Dungeon)
  5505 | D:9      | Found Hoele's Magic Scroll Shop.
  5556 | D:9      | Found a staircase to the Lair.
  5671 | D:9      | Reached skill level 1 in Long Blades
  5819 | D:9      | Reached skill level 2 in Long Blades
  5886 | D:9      | Reached ***** piety under Trog
  5890 | D:9      | Reached skill level 3 in Long Blades
  6080 | D:10     | Entered Level 10 of the Dungeon
  6180 | D:10     | Reached skill level 4 in Long Blades
  6356 | D:10     | Reached skill level 5 in Long Blades
  6359 | D:10     | Found a staircase to the Orcish Mines.
  6744 | D:10     | Reached skill level 6 in Long Blades
  6918 | D:10     | Reached skill level 1 in Throwing
  6945 | D:10     | Noticed a hill giant
  6952 | D:10     | Killed a hill giant
  6952 | D:10     | Reached skill level 7 in Long Blades
  6952 | D:10     | Reached skill level 10 in Armour
  6952 | D:10     | Reached skill level 5 in Dodging
  7514 | D:10     | Reached XP level 11. HP: 87/99 MP: 10/10
  8016 | D:11     | Reached skill level 8 in Long Blades
  8107 | D:11     | Reached skill level 10 in Fighting
  8386 | D:11     | Found a roughly hewn altar of Beogh.
  8389 | D:11     | Reached skill level 9 in Long Blades
  8638 | D:11     | Found Xir Uqiv's Food Boutique.
  8835 | D:12     | Found a portal to a secret trove of treasure.
  8855 | Trove    | Entered a treasure trove
  8872 | Trove    | Got a shimmering buckler
  8878 | Trove    | Got a steaming leather armour
  8970 | Trove    | Identified the +1 buckler "Vyama" {rN+ Str+4} (You found it in a treasure trove)
  8990 | Trove    | Identified the +3 leather armour of Parts Unknown {Str+4} (You found it in a treasure trove)
  9239 | D:12     | Reached skill level 10 in Long Blades
  9462 | D:12     | Noticed Rupert
  9471 | D:12     | Killed Rupert
  9471 | D:12     | Reached skill level 11 in Long Blades
  9471 | D:12     | Reached skill level 1 in Shields
  9807 | D:12     | Reached XP level 12. HP: 86/110 MP: 11/11
  9825 | D:12     | Noticed a war gargoyle
  9833 | D:12     | Killed a war gargoyle
 10202 | D:12     | Reached * piety under Trog
 10272 | D:12     | Reached skill level 12 in Long Blades
 10327 | D:12     | Gained mutation: Scrolls take you a little longer to read. [potion of mutation]
 10327 | D:12     | Gained mutation: You possess an exceptional clarity of mind. [potion of mutation]
 10327 | D:12     | Gained mutation: You have very sharp teeth. [potion of mutation]
 10610 | D:13     | Noticed a rakshasa
 10620 | D:13     | Killed a rakshasa
 10756 | D:13     | Found Xiulup's Book Boutique.
 10764 | D:13     | Noticed a tengu warrior
 10771 | D:13     | Killed a tengu warrior
 10777 | D:13     | Noticed a vault guard
 10966 | D:13     | Reached skill level 13 in Long Blades
 11070 | D:13     | Found Umaehuow's Assorted Antiques.
 11071 | D:13     | Noticed a tengu warrior
 11078 | D:13     | Killed a tengu warrior
 11110 | D:13     | Found Xodghuik's Antique Weapon Emporium.
 11292 | D:13     | Found Kiurphoh's Armour Shoppe.
 11446 | D:13     | Noticed Erolcha
 11457 | D:13     | Killed Erolcha
 11461 | D:13     | Reached XP level 13. HP: 84/119 MP: 12/12
 11583 | D:13     | Found Nocaiv's Assorted Antiques.
 11591 | D:13     | Bought a translucent chain mail for 247 gold pieces
 11601 | D:13     | Identified the +1 chain mail of Kyasanol {Int+3 Dex+5} (You bought it in a shop on level 13 of the Dungeon)
 11761 | D:13     | Reached skill level 14 in Long Blades
 11928 | D:13     | Found a gate to the Vaults.
 13682 | D:13     | Gained mutation: Armour fits poorly on your strangely shaped body. [mutagenic meat]
 15133 | D:14     | Reached skill level 5 in Shields
 15181 | D:14     | Found a sacrificial altar of Ru.
 15353 | D:14     | Noticed a fire dragon
 15363 | D:14     | Killed a fire dragon
 16110 | D:14     | Noticed a fire dragon
 16125 | D:14     | Killed a fire dragon
 16306 | D:14     | Reached XP level 14. HP: 129/129 MP: 13/13
 16702 | D:15     | Entered Level 15 of the Dungeon
 16727 | D:15     | Received a gift from Trog
 16727 | D:15     | Reached skill level 15 in Long Blades
 17009 | D:15     | Found an iron altar of Okawaru.
 17357 | D:15     | Reached skill level 1 in Staves
 17515 | D:15     | Found a staircase to the Depths.
 17517 | D:15     | Noticed an emperor scorpion
 17524 | D:15     | Killed an emperor scorpion
 17786 | Depths:1 | Entered Level 1 of the Depths
 17888 | Depths:1 | Noticed a fire giant
 17896 | Depths:1 | Noticed a frost giant
 17902 | Depths:1 | Killed a fire giant
 17906 | Depths:1 | Killed from afar by a frost giant

Skill      XL: |  1  2  3  4  5  6  7  8  9 10 11 12 13 14 |
---------------+-------------------------------------------+-----
Maces & Flails | 4 6 7 8 10 11 12 | 12.1
Fighting       | 4 5 7 8 9 11 12 13 14 | 14.3
Armour         | 4 5 6 7 9 10 11 12 13 14 | 14.5
Dodging        | 3 4 5 6 7 |  7.0
Stealth        | 1 2 3 |  3.1
Long Blades    | 7 11 13 14 15 | 15.2
Throwing       | 1 2 3 |  3.6
Shields        | 1 3 6 7 |  7.8
Staves         | 2 |  2.2

Action                   |  1- 3 |  4- 6 |  7- 9 | 10-12 | 13-15 || total
-------------------------+-------+-------+-------+-------+-------++-------
Melee: Mace              |    95 |    49 |   314 |    10 |       ||   468
       Headbutt          |    17 |    13 |    51 |   108 |   100 ||   289
       Long sword        |       |       |       |   427 |   261 ||   688
       Dire flail        |       |       |       |     1 |       ||     1
       Bite              |       |       |       |    17 |    55 ||    72
       Staff             |       |       |       |       |    25 ||    25
Throw: Tomahawk          |       |       |       |    18 |    12 ||    30
Invok: Berserk           |     1 |     1 |     2 |     1 |     5 ||    10
       Trog's Hand       |     1 |       |     6 |     7 |     7 ||    21
       Brothers in Arms  |       |       |       |     3 |       ||     3
       Burn Spellbooks   |       |       |       |     2 |     1 ||     3
  Use: Scroll            |     5 |     5 |     3 |     8 |     2 ||    23
       Potion            |       |     6 |     5 |    10 |     5 ||    26
 Stab: Invisible         |       |       |     2 |       |       ||     2
  Eat: Bread ration      |     1 |     1 |       |     6 |       ||     8
       Royal jelly       |       |       |     2 |       |       ||     2
       Chunk             |       |       |     3 |     2 |     1 ||     6
       Pizza             |       |       |     1 |       |     1 ||     2
       Meat ration       |       |       |     1 |       |     3 ||     4
       Beef jerky        |       |       |       |       |     8 ||     8
Armor: Scale mail        |    53 |    14 |       |       |       ||    67
       Animal skin       |     5 |       |       |       |       ||     5
       Chain mail        |       |       |   212 |   204 |    99 ||   515
Dodge: Dodged            |    87 |    39 |   280 |   382 |   182 ||   970
Block: Buckler           |       |       |       |    28 |    70 ||    98
       Rpst.: Long sword |       |       |       |    82 |    27 ||   109
